 Dungeon Crawl Stone Soup version 0.31.0-10-gcf4a605ca0 (webtiles) character file.

Game seed: 4963384344759019218

261 Flugkiller the Ruffian (level 5, 0/50 HPs)
             Began as a Troll Enchanter on Jan 25, 2024.
             Slain by a gnoll
             ... wielding a +0 flail
              (12 damage)
             ... on level 4 of the Dungeon.
             The game lasted 00:01:51 (2942 turns).

Flugkiller the Ruffian (Troll Enchanter)            Turns: 2942, Time: 00:01:52

Health: 0/50       AC:  4    Str: 18    XL:     5   Next: 96%
Magic:  5/5        EV:  9    Int: 11    God:
Gold:   143        SH:  0    Dex: 10    Spells: 6/6 levels left

rFire   . .          .
                       - Unarmed
rCold   . . .        (no shield)
rNeg    . . .        b - +0 robe
rPois   .            (helmet restricted)
rElec   .            (no cloak)
rCorr   .            (gloves unavailable)
SInv    .            (boots unavailable)
Will    .....        (no amulet)
Stlth   ++           (no ring)
HPRegen 1.08/turn    (no ring)
MPRegen 0.09/turn

%: no passive effects
@: no status effects
A: large, unfitting armour, claws 3, regeneration 1, shaggy fur 1, tough skin 1
a: no special abilities


You were on level 4 of the Dungeon.
You visited 1 branch of the dungeon, and saw 4 of its levels.

You collected 143 gold pieces.

Inventory:

Missiles
 a - 10 poisoned darts (quivered)
 c - 3 darts of dispersal
 e - 3 boomerangs
Armour
 b - a +0 robe (worn)
Wands
 d - a wand of paralysis (8)
   (You took it off Ijyb on level 4 of the Dungeon)


   Skills:
 + Level 2.5 Fighting
 - Level 0.7 Short Blades
 - Level 1.5 Dodging
 - Level 1.5 Stealth
 * Level 4.6 Unarmed Combat
 - Level 1.2 Spellcasting
 - Level 2.0 Hexes
 + Level 0.4 Evocations


You had 6 spell levels left.
You didn't know any spells.
Your spell library contained the following spells:

 Spells                   Type           Power      Damage    Failure   Level
 Sandblast                Erth           0%         2d4       32%         1
 Summon Small Mammal      Summ           0%         N/A       32%         1
 Ensorcelled Hibernation  Hex/Ice        4%         N/A       32%         2
 Confusing Touch          Hex            5%         N/A       38%         3
 Tukima's Dance           Hex            5%         N/A       38%         3
 Dazzling Flash           Conj/Hex       4%         N/A       54%         3
 Call Canine Familiar     Summ           0%         N/A       67%         3
 Passwall                 Erth           0%         N/A       67%         3
 Stone Arrow              Conj/Erth      0%         3d7       67%         3
 Brom's Barrelling Bould  Conj/Erth      0%         2d3       97%         4
 Summon Blazeheart Golem  Fire/Summ      0%         N/A       97%         4


Dungeon Overview and Level Annotations

Branches:
Dungeon (4/15) Zot: 21071
 Temple: D:4-7

Altars:
Fedhas

Shops:
D:4 [


Innate Abilities, Weirdness & Mutations

You are too large for most types of armour.
You have claws for hands.
Your natural rate of healing is unusually fast.
You are covered in fur. (AC +1)
You have tough skin. (AC +1)


Message History

You kill the orc!
The orc hits you with a +0 mace.
You barely miss the orc. The orc barely misses you.
You barely miss the orc. The orc barely misses you.
The orc hits you but does no damage.
You closely miss the orc. The orc hits you with a +0 mace.
The orc hits you with a +0 dagger.
You claw the orc!
You kill the orc!
The orc hits you but does no damage.
You barely miss the orc. The orc hits you but does no damage.
The orc hits you but does no damage.
Items here: ))) [ †.
You claw the orc!
You kill the orc!
No target in view!
No target in view!
e - 3 boomerangs
Things that are here:
a +0 flail; a +0 leather armour
Things that are here:
a +0 mace; an orc corpse An endoplasm comes into view.
An endoplasm is nearby!
An endoplasm is nearby!
No target in view!
No target in view!
No target in view!
No target in view!
No target in view!
No target in view!
No target in view!
An endoplasm is nearby!
An endoplasm is nearby!
The endoplasm quivers.
The endoplasm jiggles.
The endoplasm freezes you.
You are frozen.
You scratch the endoplasm.
The endoplasm is severely wounded.
You claw the endoplasm!
You kill the endoplasm!
No target in view!
No target in view!
No target in view!
A gnoll comes into view. It is wielding a +0 halberd.
A gnoll is nearby!
The gnoll shouts!
You hear a shout! x2
A gnoll is nearby!
The gnoll closely misses you.
A gnoll comes into view. It is wielding a +0 flail.
The gnoll hits you with a +0 halberd.
You completely miss the gnoll. The gnoll barely misses you.
You scratch the gnoll.
The gnoll is heavily wounded.
A gnoll comes into view. It is wielding a +0 whip.
The gnoll closely misses you.
You scratch the gnoll.
The gnoll is almost dead.
You scratch the gnoll but do no damage. The gnoll completely misses you.
You closely miss the gnoll. The gnoll hits you with a +0 whip.
The gnoll barely misses you.
You scratch the gnoll.
The gnoll is lightly wounded.
The gnoll closely misses you.
The gnoll hits you from afar with a +0 halberd.
There are monsters nearby!
You closely miss the gnoll.
The gnoll is lightly wounded.
The gnoll hits you from afar with a +0 halberd!
The gnoll hits you with a +0 whip.
There are monsters nearby!
You are too injured to fight recklessly!
You are too injured to fight recklessly!
You are too injured to fight recklessly!
You are too injured to fight recklessly!
The gnoll attacks as it pursues you! The gnoll completely misses you.
You closely miss the gnoll.
The gnoll is lightly wounded.
The gnoll barely misses you.
You scratch the gnoll.
The gnoll is heavily wounded.
The gnoll hits you but does no damage. The gnoll attacks as it pursues you!
The gnoll hits you with a +0 whip. The gnoll hits you with a +0 whip.
You scratch the gnoll.
The gnoll is almost dead.
The gnoll hits you with a +0 flail!
The gnoll hits you from afar with a +0 halberd!
The gnoll hits you with a +0 whip.
* * * LOW HITPOINT WARNING * * *
You are too injured to fight recklessly!
You are too injured to fight recklessly!
You are too injured to fight recklessly!
You scratch the gnoll.
You kill the gnoll!
The gnoll closely misses you.
The gnoll hits you from afar with a +0 halberd.
* * * LOW HITPOINT WARNING * * *
You closely miss the gnoll. The gnoll hits you with a +0 flail!
You die...

##..### ##.... #..... ####### ##
### ###.<. ### ##.....##
#.###.#####... ##..####...##..#
#..##......... .........###.g#
#.#...####... ##.....g.# ##g##
#...### ###. #........#
##@####...## #. #####...##
#).##))...### #.
##...#####....)......# #.
##.......#...#..........# #.
#.###..........####....#........
#.............# ##...........
#.####....###.. #.......... #
....## #.. ##........ . #....#
.. ...... .


You could see 2 gnolls.

Vanquished Creatures
  An orc priest (D:4)
  A sleepcap (D:4)
  An orc wizard (D:4)
  Ijyb (D:4)
  Natasha (D:3)
  2 adders (D:2)
  A gnoll (D:4)
  2 dart slugs
  7 orcs (D:4)
  A bat (D:3)
  6 endoplasms
  4 giant cockroaches
  4 goblins
  4 hobgoblins
  6 jackals
  9 quokkas
  7 ball pythons
  3 frilled lizards
  8 kobolds
  23 rats
92 creatures vanquished.

Notes
Turn   | Place    | Note
-------+----------+-------------------------------------------
     0 | D:1      | Flugkiller the Troll Enchanter began the quest for the Orb.
     0 | D:1      | Reached XP level 1. HP: 16/16 MP: 1/1
   189 | D:1      | Reached skill level 1 in Unarmed Combat
   219 | D:1      | Reached XP level 2. HP: 21/26 MP: 2/2
   423 | D:1      | Found a faded altar of an unknown god.
   428 | D:1      | Reached skill level 1 in Fighting
   476 | D:1      | Reached skill level 2 in Unarmed Combat
   717 | D:1      | Reached XP level 3. HP: 33/33 MP: 3/3
  1016 | D:2      | Reached XP level 4. HP: 41/41 MP: 4/4
  1088 | D:2      | Reached skill level 3 in Unarmed Combat
  1933 | D:3      | Noticed Natasha
  1943 | D:3      | Killed Natasha
  2442 | D:4      | Reached XP level 5. HP: 27/49 MP: 5/5
  2482 | D:4      | Noticed Ijyb
  2483 | D:4      | Paralysed by Ijyb for 4 turns
  2494 | D:4      | Killed Ijyb
  2495 | D:4      | Reached skill level 4 in Unarmed Combat
  2706 | D:4      | Found a blossoming altar of Fedhas.
  2738 | D:4      | Found Goopot's Antique Armour Shop.
  2942 | D:4      | Slain by a gnoll

Illustrated notes

Levels and vault maps discovered:
D:1:      elethiomel_arrival_maze, layout_basic,
          shapermc_ecumenical_altar_notcrosses
D:2:      layout_loops_ring, minmay_rat_hole
D:3:      layout_loops_ring, uniq_natasha
D:4:      layout_layer_cave, mainiacjoe_overflow_small_starburst, serial_shops,
          nicolae_shop_temple_entry_statues_fountains,
          nicolae_shop_gibbet_a_chance, uniq_ijyb

Skill      XL: |  1  2  3  4  5 |
---------------+----------------+-----
Unarmed Combat | 1 2 3 4 |  4.6
Fighting       | 1 2 |  2.5
Short Blades   | |  0.7
Dodging        | |  1.5
Stealth        | |  1.5
Spellcasting   | |  1.2
Hexes          | |  2.0
Evocations     | |  0.4

Action                     |  1- 3 |  4- 6 || total
---------------------------+-------+-------++-------
  Melee: Unarmed           |   154 |   135 ||   289
         Punch             |     3 |       ||     3
   Stab: Sleeping          |     1 |     6 ||     7
 Armour: Robe              |   114 |    98 ||   212
  Dodge: Dodged            |    91 |    40 ||   131
